Map: Torres Crepusculares

Players

TheZergLord - Winner!

  • Race: Zerg Zerg
  • League: Master

ZolF

  • Race: Zerg Zerg
  • League: Gold

VOD

Have the link to the VOD?

Description

Time

  • Played on: Feb. 27, 2016, 11:48 a.m.
  • Length: 9:30
Show
View Real Time Build Order
Export as new Build Order

TheZergLord Zerg - Winner!

Build Orders: Hatch First 

Get SALT Encoding   

  12  0:01  Drone  
  13  0:12  Overlord  
  13  0:17  Drone  
  14  0:31  Drone x2  
  14  0:34  Drone  
  17  0:53  Hatchery  
  17  0:55  Drone  
  17  1:09  Spawning Pool  
  16  1:11  Extractor  
  16  1:14  Drone  
  16  1:17  Drone  
  17  1:21  Drone  
  18  1:28  Drone  
  19  1:39  Overlord  
  19  1:56  Queen  
  19  1:57  Zergling x2  
  22  2:04  Queen  
  22  2:05  Drone x2  
  26  2:10  Drone  
  26  2:13  Metabolic Boost  
  27  2:17  Drone  
  28  2:24  Drone  
  29  2:31  Drone  
  29  2:32  Queen  
  32  2:38  Baneling Nest  
  32  2:40  Overlord  
  31  2:50  Drone x3  
  34  2:58  Drone x2  
  35  3:07  Zergling x6  
  38  3:14  Overlord  
  38  3:18  Overlord  
  38  3:20  Zergling x2  
  38  3:21  Drone  
  38  3:22  Drone x2  
  42  3:29  Drone  
  42  3:32  Baneling x3  
  42  3:33  Baneling x3  
  43  3:34  Zergling x2  
  43  3:38  Zergling x2  
  44  3:55  Hatchery  
  44  3:59  Baneling x3  
  43  4:03  Drone x4  
  43  4:04  Drone x3  
  50  4:10  Spine Crawler  
  49  4:18  Drone x3  
  49  4:19  Drone x2  
  54  4:28  Overlord  
  54  4:29  Drone x2  
  56  4:32  Drone x2  
  56  4:34  Extractor x2  
  56  4:36  Evolution Chamber, Roach Warren  
  56  4:37  Lair  
  54  4:41  Overlord  
  54  4:45  Drone  
  55  4:52  Overlord  
  55  4:53  Drone x2  
  55  4:54  Drone x2  
  55  4:57  Drone, Extractor  
  55  4:58  Drone x2  
  61  5:06  Zerg Missile Weapons Level 1  
  61  5:07  Drone x2  
  63  5:11  Drone  
  64  5:17  Roach x2  
  64  5:20  Roach  
  70  5:23  Roach  
  70  5:25  Overlord  
  70  5:26  Drone x2  
  74  5:29  Drone x2  
  74  5:35  Overseer  
  75  5:39  Glial Reconstitution  
  75  5:40  Overlord  
  75  5:45  Drone x4  
  75  5:48  Extractor  
  75  5:49  Extractor  
  77  5:57  Queen x3  
  77  6:03  Drone x4  
  88  6:04  Drone x2  
  88  6:05  Drone x2  
  88  6:07  Drone x2  
  93  6:16  Spore Crawler  
  92  6:18  Spore Crawler  
  92  6:19  Spore Crawler x2  
  92  6:20  Spore Crawler, Drone x3  
  92  6:21  Spore Crawler  
  90  6:29  Overlord  
  90  6:30  Overlord x2  
  90  6:36  Drone  
  90  6:39  Hydralisk Den  
  90  6:45  Roach x3  
  96  6:49  Roach x7  
  110  6:54  Overlord  
  110  6:55  Overlord  
  110  6:57  Overlord  
  110  7:01  Zerg Missile Weapons Level 2  
  110  7:14  Muscular Augments  
  110  7:15  Hydralisk  
  110  7:16  Hydralisk x5  
  122  7:24  Hydralisk x3, Roach  
  122  7:29  Hydralisk x2  
  132  7:35  Baneling  
  134  7:39  Roach  
  134  7:40  Roach x3  
  134  7:41  Overlord x2  
  142  7:45  Overlord  
  142  7:46  Overlord  
  142  7:48  Overlord  
  142  7:51  Hydralisk  
  144  8:02  Hydralisk x5  
  154  8:22  Roach  
  154  8:23  Roach x6  
  168  8:32  Hatchery  
  167  8:46  Hydralisk x5  
  175  9:00  Hydralisk x2  
Show
View Real Time Build Order
Export as new Build Order

ZolF Zerg 

Build Orders: Hatch First, Muta Ling Bane 

Get SALT Encoding   

  12  0:01  Drone  
  13  0:09  Drone  
  13  0:12  Extractor  
  13  0:16  Drone  
  15  0:25  Overlord  
  15  0:43  Drone x2  
  15  0:45  Drone  
  18  0:58  Hatchery  
  18  1:02  Extractor, Drone  
  17  1:16  Spawning Pool  
  16  1:20  Drone  
  16  1:22  Drone  
  18  2:04  Zergling x6  
  18  2:05  Metabolic Boost  
  21  2:09  Queen x2  
  21  2:11  Drone  
  21  2:15  Overlord  
  26  2:35  Drone x2  
  28  2:41  Baneling Nest  
  27  2:48  Queen  
  27  2:50  Zergling x6  
  32  2:52  Drone  
  32  2:56  Overlord  
  34  3:34  Drone x3  
  34  3:35  Overlord  
  34  3:36  Overlord  
  36  3:41  Hatchery  
  34  4:00  Queen  
  34  4:01  Drone x3  
  39  4:04  Lair  
  39  4:07  Extractor  
  38  4:10  Extractor  
  37  4:19  Drone x3  
  40  4:27  Roach Warren  
  39  4:47  Drone x5  
  39  4:49  Overlord x2  
  39  4:51  Zergling x2  
  45  4:53  Queen  
  45  4:56  Drone  
  48  5:07  Drone  
  48  5:12  Centrifical Hooks  
  49  5:18  Spire  
  48  5:24  Drone x2  
  48  5:28  Roach  
  52  5:29  Roach  
  52  5:31  Roach  
  52  5:35  Roach  
  58  5:39  Roach  
  62  5:42  Roach  
  62  5:52  Drone x2  
  62  5:54  Queen  
  66  5:59  Glial Reconstitution  
  67  6:11  Ravager x2  
  67  6:17  Drone x2  
  70  6:20  Drone  
  71  6:40  Mutalisk  
  71  6:42  Overlord x3  
  73  7:02  Mutalisk x5  
  83  7:10  Drone x3  
  83  7:11  Drone x2  
  83  7:12  Overlord x2  
  88  7:18  Hatchery  
  87  7:26  Drone  
  87  7:27  Mutalisk  
  87  7:28  Corruptor  
  92  7:36  Corruptor  
  94  7:40  Zergling x10  
  99  7:47  Spore Crawler  
  99  7:50  Spine Crawler  
  99  7:51  Drone  
  98  7:53  Spine Crawler  
  97  8:07  Overlord  
  97  8:08  Overlord x2  
  97  8:11  Corruptor  
  97  8:12  Corruptor x2  
  103  8:20  Extractor  
  103  8:21  Drone  
  99  8:28  Roach x2  
  99  8:29  Roach x3  
  99  8:30  Zergling x8  
  95  8:57  Mutalisk  
  95  8:58  Mutalisk  
  95  8:59  Zergling x2  
  95  9:00  Zergling x14  
Tags
 
Add a new tag
Caveats
  • Supply blocks, unpowered buildings, or Contaminate may cause inaccurate times.
  • Supply counts are checked every 10 seconds.